 Dungeon Crawl Stone Soup version 0.30-a0-691-g754fce4c43 (webtiles) character file.

Game seed: 3683139790246296573

210 lesbiats the Ruffian (level 5, -9/53 HPs)
             Began as a Troll Fighter on Jan 20, 2023.
             Killed from afar by Blork the orc (13 damage)
             ... with a puff of flame
             ... in the Ecumenical Temple.
             The game lasted 00:09:12 (2445 turns).

lesbiats the Ruffian (Troll Fighter)                Turns: 2445, Time: 00:09:13

Health: -9/53      AC:  6    Str: 24    XL:     5   Next: 57%
Magic:  4/4        EV: 23    Int:  6    God:
Gold:   116        SH:  8    Dex:  9    Spells: 4/4 levels left

rFire   . . .      SeeInvis .      - Unarmed
rCold   . . .      Faith    .    b - +0 kite shield
rNeg    . . .      Spirit   .    a - +0 robe
rPois   .          Reflect  .    (helmet restricted)
rElec   .          Harm     .    v - +1 cloak
rCorr   .          Rampage  .    (gloves unavailable)
Will    .....                    (boots unavailable)
Stlth   +                        r - amulet of the acrobat
HPRegen 1.08/turn                (no ring)
MPRegen 0.09/turn                (no ring)

@: acrobatic
A: large, unfitting armour, claws 3, regeneration 1, shaggy fur 1, tough skin 1
a: no special abilities


You were in the Ecumenical Temple.
You visited 2 branches of the dungeon, and saw 5 of its levels.

You collected 116 gold pieces.

Inventory:

Missiles
 p - 2 throwing nets (quivered)
 s - 16 poisoned darts
Armour
 a - a +0 robe (worn)
 b - a +0 kite shield (worn)
 v - a +1 cloak (worn)
Jewellery
 r - an amulet of the acrobat (around neck)
Wands
 u - a wand of paralysis (16)
Scrolls
 h - a scroll of poison {unknown}
 i - a scroll of teleportation {unknown}
 j - 3 scrolls of magic mapping {unknown}
 k - a scroll of blinking {unknown}
 l - a scroll of enchant weapon {unknown}
 m - 2 scrolls of vulnerability {unknown}
 o - a scroll of identify {unknown}
 t - 2 scrolls of fear {unknown}
 w - a scroll of summoning {unknown}
Potions
 c - 2 potions of might
 d - 3 potions of brilliance {unknown}
 e - a potion of lignification {unknown}
 f - a potion of magic {unknown}
 g - 5 potions of heal wounds {unknown}
 n - 2 potions of mutation {unknown}
 q - a potion of curing {unknown}


   Skills:
 + Level 3.3 Fighting
 - Level 2.4 Dodging
 + Level 3.6 Shields
 * Level 4.4 Unarmed Combat


You had 4 spell levels left.
You didn't know any spells.
Your spell library contained the following spells:

 Spells                   Type           Power      Damage    Failure   Level
 Necrotise                Necr           0%         1d4       75%         1
 Vampiric Draining        Necr           0%         2d6       98%         3
 Leda's Liquefaction      Hex/Erth       0%         N/A       100%        4
 Agony                    Necr           0%         N/A       100%        5
 Lee's Rapid Deconstruct  Erth           0%         3d4*      100%        5
 Statue Form              Tmut/Erth      0%         N/A       100%        6
 Borgnjor's Revivificati  Necr           0%         N/A       100%        8
 Necromutation            Tmut/Necr      0%         N/A       100%        8
 Death's Door             Necr           0%         N/A       100%        9


Dungeon Overview and Level Annotations

Branches:
Dungeon (4/15)             Temple (1/1) D:4

Altars:
Ashenzari
Dithmenos
Fedhas
Gozag
Kikubaaqudgha
Makhleb
Nemelex Xobeh
Okawaru
Qazlal
Sif Muna
Uskayaw
Vehumet
Xom
The Shining One

Portals:
Abyss: D:4

Annotations:
D:4 1 transporter, Menkaure; sirJeffrey23's ghost, amateur BaGl
Temple Blork the orc


Innate Abilities, Weirdness & Mutations

You are too large for most types of armour.
You have claws for hands.
Your natural rate of healing is unusually fast.
You are covered in fur. (AC +1)
You have tough skin. (AC +1)


Message History

You barely miss Blork the orc.
Blork the orc is moderately wounded.
Blork the orc hits you with a +2 hand axe of flaming.
Blork the orc burns you.
* * * LOW HITPOINT WARNING * * *
You scratch Blork the orc but do no damage.
Blork the orc is moderately wounded.
You block Blork the orc's attack.
Blork the orc hits you with a +2 hand axe of flaming.
* * * LOW HITPOINT WARNING * * *
Blork the orc burns you.
* * * LOW HITPOINT WARNING * * *
Blork the orc attacks as you move away!
Blork the orc hits you with a +2 hand axe of flaming.
* * * LOW HITPOINT WARNING * * *
Blork the orc burns you.
* * * LOW HITPOINT WARNING * * *
Blork the orc closely misses you. Blork the orc attacks as you move away!
Blork the orc barely misses you. Blork the orc completely misses you.
Blork the orc looks braver for a moment.
Blork the orc attacks as you move away! Blork the orc completely misses you.
Blork the orc attacks as you move away! You block Blork the orc's attack.
Blork the orc points at you and mumbles some strange words.
The puff of flame hits you.
* * * LOW HITPOINT WARNING * * *
Blork the orc screams, "I'll crush all your ribs!
One by one!"
You block Blork the orc's attack.
There is a staircase to the Ecumenical Temple here.
You can't go up here!
Blork the orc hits you but does no damage.
Blork the orc hits you with a +2 hand axe of flaming!
* * * LOW HITPOINT WARNING * * *
Blork the orc burns you.
* * * LOW HITPOINT WARNING * * *
You climb downwards.
Welcome back to the Ecumenical Temple!
There is a staircase back to the Dungeon here.
Blork the orc casts a spell at you. The puff of flame hits you!
You die...

≈≈≈≈≈≈≈≈≈≈≈≈≈≈≈≈≈≈≈≈≈≈
≈≈≈≈≈≈≈≈≈≈≈≈≈≈≈≈≈≈≈≈≈≈≈≈
≈≈≈≈≈≈≈≈≈≈≈≈≈≈≈≈≈≈≈≈≈≈≈≈
≈≈≈≈≈≈≈≈≈≈≈≈≈≈≈≈≈≈≈≈≈≈≈≈≈≈
≈≈≈≈≈≈≈≈≈≈≈≈≈~~~≈≈≈≈≈≈≈≈≈≈
≈≈≈≈≈≈≈≈≈≈~##..≈≈≈≈≈≈≈≈≈≈≈
≈≈≈≈≈≈≈≈≈≈~.~o#~≈≈≈≈≈≈≈≈≈≈
≈≈≈≈≈≈≈≈≈~~.<..≈~≈≈≈≈≈≈≈≈≈
≈≈≈≈≈≈≈≈~≈#.@8#≈~~≈≈≈≈≈≈≈≈
≈≈≈≈≈≈≈≈.##~..##~~≈≈≈≈≈≈≈≈
≈≈≈≈≈≈≈~#..~.~~.~~~≈≈≈≈≈≈≈
≈≈≈≈≈≈≈~#..~.~~.~≈~≈≈≈≈≈≈≈
≈≈≈≈≈≈≈≈#_~~.~._~~~≈≈≈≈≈≈≈
≈≈≈≈≈≈≈~.~.~~~.~~~≈≈≈≈≈≈≈≈
≈≈≈≈≈≈≈~.8....~8#≈≈≈≈≈≈≈≈≈
≈≈≈≈≈≈≈≈#~.~~~.~.~≈≈≈≈≈≈≈≈
≈≈≈≈≈≈≈~~_~.~.~_#~≈≈≈≈≈≈≈≈


You could see Blork the orc (fast).

Vanquished Creatures
  An oklob sapling (D:4)
  An orc wizard (D:4)
  5 adders
  A worm (D:2)
  3 dart slugs
  5 orcs
  6 bats
  5 endoplasms
  6 giant cockroaches
  5 hobgoblins
  3 jackals (D:1)
  3 quokkas (D:2)
  10 ball pythons
  3 frilled lizards
  9 goblins
  13 kobolds
  2 rats (D:1)
  A spectral orc (D:4)
82 creatures vanquished.

Vanquished Creatures (others)
  A plant (D:4)
1 creature vanquished.

Grand Total: 83 creatures vanquished

Notes
Turn   | Place    | Note
-------+----------+-------------------------------------------
     0 | D:1      | lesbiats the Troll Fighter began the quest for the Orb.
     0 | D:1      | Reached XP level 1. HP: 22/22 MP: 0/0
   142 | D:1      | Reached XP level 2. HP: 28/29 MP: 1/1
   461 | D:1      | Reached XP level 3. HP: 36/36 MP: 2/2
   653 | D:2      | Reached skill level 3 in Unarmed Combat
   904 | D:2      | Reached XP level 4. HP: 43/44 MP: 3/3
  1042 | D:2      | Found a shimmering blue altar of Sif Muna.
  1533 | D:3      | Found a burning altar of Makhleb.
  1533 | D:3      | Noticed an Executioner
  1536 | D:3      | Noticed a neqoxec
  1536 | D:3      | Noticed a smoke demon
  1837 | D:4      | Found a radiant altar of Vehumet.
  1917 | D:4      | Found a stormy altar of Qazlal.
  1937 | D:4      | Noticed Menkaure
  2060 | D:4      | Reached XP level 5. HP: 53/53 MP: 4/4
  2083 | D:4      | Reached skill level 4 in Unarmed Combat
  2126 | D:4      | Found a transporter.
  2131 | D:4      | Found a one-way gate to the infinite horrors of the Abyss.
  2131 | D:4      | Noticed sirJeffrey23's ghost (amateur BaGl)
  2136 | D:4      | Found a staircase to the Ecumenical Temple.
  2214 | Temple   | Entered the Ecumenical Temple
  2421 | D:4      | Noticed Blork the orc
  2443 | D:4      | HP: 1/53 [Blork the orc/+2 hand axe of flaming (2)]
  2445 | Temple   | Killed from afar by Blork the orc

Illustrated notes

Levels and vault maps discovered:
D:1:      dpeg_arrival_rooms_a, layout_loops_ring
D:2:      layout_rooms, basic_altar, nicolae_eternal_life
D:3:      layout_basic, makhleb_altar_promises_db
D:4:      layout_basic, fiery_altar_vehumet,
          nicolae_hepliaklqana_monster_ancestors, grunt_qazlal_clouds,
          minmay_temple_entry_oklob, gammafunk_ghost_abyssal_escape,
          goddamned_bats, uniq_blork_the_orc, uniq_menkaure
Temple:   chequers_temple_sunken

Skill      XL: |  1  2  3  4  5 |
---------------+----------------+-----
Shields        | 3 |  3.6
Unarmed Combat | 3 4 |  4.4
Fighting       | 3 |  3.3
Dodging        | |  2.4

Action                   |  1- 3 |  4- 6 || total
-------------------------+-------+-------++-------
Melee: Unarmed           |    85 |   101 ||   186
Armor: Robe              |    37 |    33 ||    70
Dodge: Dodged            |    25 |    39 ||    64
Block: Kite shield       |    32 |    39 ||    71

Table legend: (Time is in decaauts)
 A = Elapsed time spent in this place.
 B = Non-inter-level travel time spent in this place.
 C = Inter-level travel time spent in this place.
 D = Time resting spent in this place.
 E = Time spent auto-exploring this place.
 F = Levels seen in this place.
 G = Mean time per level.
                   A        B        C        D        E       F      G
               +--------+--------+--------+--------+--------+-----+--------+
         Total |   2462 |   2361 |    101 |     65 |   1623 |   5 |  492.4 |
       Dungeon |   2262 |   2168 |     94 |     45 |   1460 |   4 |  565.5 |
        Temple |    199 |    192 |      7 |     20 |    163 |   1 |  199.0 |
               +--------+--------+--------+--------+--------+-----+--------+

Top non-repeatable levels by time:
     D:3: 700 daAuts
     D:1: 671 daAuts
     D:2: 496 daAuts
     D:4: 394 daAuts
  Temple: 199 daAuts
